 Dungeon Crawl Stone Soup version 0.29.1-1-gd02db6906a (webtiles) character file.

Game seed: 16212867349991088386

360 MisterFreud the Twirler (level 6, 0/48 HPs)
             Began as a Formicid Gladiator on Oct 10, 2022.
             Killed by nerve-wracking pain
             ... invoked by an orc priest
              (2 damage)
             ... on level 5 of the Dungeon.
             The game lasted 00:03:36 (4482 turns).

MisterFreud the Twirler (Formicid Gladiator)        Turns: 4482, Time: 00:03:36

Health: 0/48       AC: 10    Str: 21    XL:     6   Next: 98%
Magic:  6/6        EV: 12    Int:  7    God:
Gold:   240        SH:  0    Dex: 15    Spells: 5/5 levels left

rFire   . . .      SeeInvis +   a - +1 quarterstaff (freeze)
rCold   . . .      Faith    .   (no shield)
rNeg    . . .      Spirit   .   e - +1 chain mail
rPois   .          Reflect  .   (helmet unavailable)
rElec   .          Harm     .   (no cloak)
rCorr   .          Rampage  .   (no gloves)
Will    .....                   (no boots)
Stlth   ..........              (no amulet)
HPRegen 0.16/turn               o - +4 ring of evasion
MPRegen 0.10/turn               (no ring)

@: no status effects
A: permanent stasis, dig shafts and tunnels, antennae 3, four strong arms
a: Dig, Shaft Self


You were on level 5 of the Dungeon.
You visited 1 branch of the dungeon, and saw 5 of its levels.

You collected 240 gold pieces.

Inventory:

Hand Weapons
 a - a +1 quarterstaff of freezing (weapon)
Missiles
 c - 3 throwing nets (quivered)
 d - 5 javelins
 l - 8 poisoned darts
Armour
 b - a +0 leather armour
 e - a +1 chain mail (worn)
Jewellery
 o - a +4 ring of evasion (left hand)
Wands
 n - a wand of flame (14)
Scrolls
 f - 3 scrolls of magic mapping
Potions
 g - a potion of lignification
 h - 2 potions of heal wounds
 i - a potion of curing
 j - a potion of brilliance
 k - a potion of cancellation
 m - a potion of mutation {unknown}


   Skills:
 + Level 3.8 Fighting
 - Level 6.0 Staves
 - Level 2.0 Throwing
 + Level 2.7 Armour
 - Level 2.6 Dodging


You had 5 spell levels left.
You didn't know any spells.
Your spell library contained the following spells:

 Spells                   Type           Power      Damage    Failure   Level
 Necrotise                Necr           0%         1d4       99%         1
 Conjure Flame            Conj/Fire      0%         6-21      100%        3
 Ignite Poison            Fire/Tmut/Pois 0%         N/A       100%        3
 Lesser Beckoning         Tloc           0%         N/A       100%        3
 Vampiric Draining        Necr           0%         2d6       100%        3
 Sticky Flame             Conj/Fire      0%         2d3       100%        4
 Agony                    Necr           0%         N/A       100%        5
 Manifold Assault         Tloc           0%         N/A       100%        5
 Blink                    Tloc           Unusable   N/A       N/A         2

Dungeon Overview and Level Annotations

Branches:
Dungeon (5/15)
 Temple: D:4-7

Altars:
Ashenzari
Fedhas
Makhleb
Ru
Trog
Uskayaw
Vehumet


Innate Abilities, Weirdness & Mutations

You cannot be hasted, slowed, berserked, paralysed or teleported.
You can dig through walls and to a lower floor.
You have a pair of large antennae on your head. (SInv)
Your four strong arms can wield two-handed weapons with a shield.


Message History

You closely miss the orc priest.
The orc priest hits you but does no damage.
You closely miss the orc priest.
The orc priest hits you but does no damage.
You hit the orc priest. You freeze the orc priest.
The orc priest is moderately wounded.
The orc priest hits you but does no damage.
The shadow imp sputters.
The shadow imp hits you but does no damage.
You sock the orc priest! You freeze the orc priest.
The orc priest is almost dead.
The orc priest hits you with a +0 falchion.
The shadow imp barely misses you.
You hit the shadow imp.
The shadow imp is lightly wounded.
An ufetubus comes into view.
The orc priest looks encouraged for a moment.
The shadow imp barely misses you.
You are too injured to fight recklessly!
You are too injured to fight recklessly!
You hit the orc priest but do no damage.
The orc priest is almost dead.
The orc priest mumbles some strange prayers to Beogh against you.
Beogh smites you!
* * * LOW HITPOINT WARNING * * *
The shadow imp hits you but does no damage.
You closely miss the orc priest.
The orc priest is almost dead.
The orc priest invokes the aid of Beogh against you.
Pain shoots through your body!
* * * LOW HITPOINT WARNING * * *
The shadow imp hits you.
* * * LOW HITPOINT WARNING * * *
Unknown command.
Unknown command.
You barely miss the orc priest.
The orc priest is almost dead.
The orc priest invokes the aid of Beogh against you.
Pain shoots through your body!
You die...

... ... ... ...##..
.. .......#..
.........# ##
......5..# #.#
.........##..#
#..5.....### #
#o@......####
..#.#.)).........
........)......##
................#
................#
...............##
...............#
............######
..#...........##.##


You could see an orc priest, a shadow imp and an ufetubus.

Vanquished Creatures
  A scorpion (D:5)
  A hound (D:4)
  An iguana (D:4)
  3 gnolls (D:4)
  10 adders
  4 worms
  3 dart slugs
  6 orcs
  9 endoplasms
  7 giant cockroaches
  5 goblins
  9 hobgoblins
  3 jackals (D:3)
  3 quokkas
  8 ball pythons
  8 bats
  12 kobolds
  9 rats
102 creatures vanquished.

Notes
Turn   | Place    | Note
-------+----------+-------------------------------------------
     0 | D:1      | MisterFreud the Formicid Gladiator began the quest for the
                  | Orb.
     0 | D:1      | Reached XP level 1. HP: 16/16 MP: 1/1
   307 | D:1      | Reached XP level 2. HP: 22/22 MP: 2/2
   555 | D:1      | Reached skill level 4 in Staves
   555 | D:1      | Reached XP level 3. HP: 19/27 MP: 3/3
  1062 | D:1      | Found a faded altar of an unknown god.
  1062 | D:1      | Noticed a sun demon
  1282 | D:2      | Reached XP level 4. HP: 31/33 MP: 4/4
  1335 | D:2      | Found a bloodstained altar of Trog.
  1438 | D:2      | Reached skill level 5 in Staves
  1623 | D:2      | Reached XP level 5. HP: 26/38 MP: 5/5
  2529 | D:3      | Reached skill level 6 in Staves
  2685 | D:3      | Found a broken altar of Ashenzari.
  2814 | D:3      | Found a hide-covered altar of Uskayaw.
  2896 | D:3      | Found a blossoming altar of Fedhas.
  2964 | D:3      | Found a sacrificial altar of Ru.
  3091 | D:3      | Found a burning altar of Makhleb.
  3386 | D:4      | Reached XP level 6. HP: 37/46 MP: 6/6
  3395 | D:4      | Reached skill level 1 in Armour
  3693 | D:4      | Found a radiant altar of Vehumet.
  4368 | D:5      | Entered Level 5 of the Dungeon
  4481 | D:5      | HP: 2/48 [shadow imp (3)]
  4482 | D:5      | Killed from afar by an orc priest

Illustrated notes

Levels and vault maps discovered:
D:1:      onia_arrival_pyramid, layout_loops_ring,
          dreamdust_ecumenical_altar_sealed_demon, minmay_pentomino_w4
D:2:      layout_rooms, basic_altar, minmay_joined_circles
D:3:      layout_basic, lightli_temple_of_fire, mainiacjoe_overflow_swirl,
          nicolae_uskayaw_dance_hall, mainiacjoe_overflow_catwalk
D:4:      layout_loops_corners, vehumet_altar_wand_db
D:5:      layout_cave_pools, amethyst_overflow_temple_binary, serial_demonic,
          serial_demonic_b, serial_demonic_a, serial_demonic_f,
          serial_demonic_e, uniq_blork_the_orc, uniq_ijyb

Skill      XL: |  1  2  3  4  5  6 |
---------------+-------------------+-----
Staves         | 4 5 6 |  6.0
Armour         | 2 |  2.7
Fighting       | 3 |  3.8
Throwing       | |  2.0
Dodging        | |  2.6

Action                   |  1- 3 |  4- 6 || total
-------------------------+-------+-------++-------
Melee: Quarterstaff      |    86 |   170 ||   256
       Punch             |       |     1 ||     1
  Use: Scroll            |     4 |    11 ||    15
Armor: Leather armour    |    19 |    20 ||    39
       Chain mail        |       |    31 ||    31
Dodge: Dodged            |    56 |    69 ||   125
